 Dungeon Crawl Stone Soup version 0.19-a0-1922-g1e9a4c1 (webtiles) character file.

47 Psiweapon the Insei (level 3, -1/26 HPs)
             Began as a Demonspawn Transmuter on Oct 24, 2016.
             Slain by a hobgoblin (3 damage)
             ... on level 2 of the Dungeon.
             The game lasted 00:05:43 (1084 turns).

Psiweapon the Insei (Demonspawn Transmuter)         Turns: 1084, Time: 00:05:44

Health: -1/26      AC:  2    Str: 10    XL:     3   Next: 48%
Magic:  0/6        EV: 13    Int: 14    God:
Gold:   79         SH:  0    Dex: 16    Spells: 1 memorised, 6 levels left

rFire  . . .     SeeInvis .     f - -1 hunting sling (curse)
rCold  . . .     Gourm    .     b - +0 robe
rNeg   . . .     Faith    .     (no shield)
rPois  .         Spirit   +     (no helmet)
rElec  .         Reflect  .     (no cloak)
rCorr  +         Harm     .     (no gloves)
MR     .....     Rnd*Tele +     (no boots)
Stlth  ++........               (no amulet)
                                m - ring of resist corrosion
                                k - ring of teleportation (curse)

@: no status effects
A: thin skeletal structure 1, magic shield
a: no special abilities


You were on level 2 of the Dungeon.
You were not hungry.

You visited 1 branch of the dungeon, and saw 2 of its levels.

You collected 79 gold pieces.

Inventory:

Hand Weapons
 f - a cursed -1 hunting sling (weapon)
Missiles
 a - 19 arrows
Armour
 b - a +0 robe (worn)
Jewellery
 k - a cursed ring of teleportation (left hand)
 m - a ring of resist corrosion (right hand)
Scrolls
 e - a scroll of identify
 j - a scroll of recharging
Potions
 l - a potion of lignification {unknown}
Books
 c - a book of Changes

   Spells                             Type                      Level
   a - Beastly Appendage              Transmutation                1
   b - Sticks to Snakes               Transmutation                2
   c - Spider Form                    Transmutation/Poison         3
   d - Ice Form                       Ice/Transmutation            4
   e - Blade Hands                    Transmutation                5
Comestibles
 d - 2 bread rations
 g - a chunk of flesh
 n - a slice of pizza


   Skills:
 + Level 1.3 Fighting
 + Level 0.6 Slings
 + Level 2.0 Dodging
 + Level 3.1 Unarmed Combat
 + Level 2.5 Spellcasting
 + Level 2.0 Transmutations


You had 6 spell levels left.
You knew the following spells:

 Your Spells              Type           Power        Failure   Level  Hunger
a - Beastly Appendage     Tmut           #.....       12%         1    #......


Dungeon Overview and Level Annotations

Branches:
Dungeon (2/15)

Altars:
Hepliaklqana
Xom
Yredelemnul
The Shining One


Innate Abilities, Weirdness & Mutations

You have a somewhat thin skeletal structure. (Dex +2, Stealth)
When hurt, damage is shared between your health and your magic reserves.


Message History

* * * LOW HITPOINT WARNING * * *
Okay, then.
Casting: Beastly Appendage
Confirm with . or Enter, or press ? or * to list all spells.
You miscast Beastly Appendage.
You are very lightly contaminated with residual magic.
Nothing appears to happen.
The hobgoblin hits you.
* * * LOW HITPOINT WARNING * * *
You barely miss the hobgoblin. The hobgoblin barely misses you.
You clumsily bash the hobgoblin but do no damage.
The hobgoblin hits you.
* * * LOW HITPOINT WARNING * * *
The hobgoblin hits you.
* * * LOW HITPOINT WARNING * * *
You clumsily bash the hobgoblin but do no damage.
The hobgoblin barely misses you.
It was a potion of cancellation.
You feel magically purged.
Your magical contamination has completely faded away.
The hobgoblin hits you.
You die...

#.#.#..+..........g......
#.⌠.# +........)†.......
#.#.#..+....#.##g........
#.⌠.#.⌠.##................
#.#.#
#.###...#.w##........
#.⌠.# ## #......##........
#.#.# #....#[..........
#### #####(.####........
#.@gw.##...........
#..#####.....÷.<.... #...#
#..........### #.##
#..........# #
#>.........# #..........#
#..........# ##........##
..........#


You could see a worm and a hobgoblin.

Vanquished Creatures
  An adder (D:2)
  2 dart slugs (D:1)
  A bat skeleton (D:2)
  A giant cockroach (D:1)
  9 goblins
  2 hobgoblins
  3 jackals (D:2)
  A ball python (D:1)
  5 bats
  3 frilled lizards
  6 rats
34 creatures vanquished.

Notes
Turn   | Place    | Note
-------+----------+-------------------------------------------
     0 | D:1      | Psiweapon the Demonspawn Transmuter began the quest for the Orb.
     0 | D:1      | Reached XP level 1. HP: 15/15 MP: 3/3
   389 | D:1      | Gained mutation: When hurt, damage is shared between your health and your magic reserves. [demonic ancestry]
   389 | D:1      | Reached XP level 2. HP: 21/21 MP: 3/5
   425 | D:1      | Found a shimmering altar of Xom.
   427 | D:1      | Found a shimmering altar of Xom.
   427 | D:1      | Found an opulent altar of Gozag.
   429 | D:1      | Found a basalt altar of Yredelemnul.
   429 | D:1      | Found a glowing golden altar of the Shining One.
   429 | D:1      | Found a hazy altar of Hepliaklqana.
   486 | D:1      | Reached skill level 3 in Unarmed Combat
   970 | D:2      | Gained mutation: You have a somewhat thin skeletal structure. (Dex +2, Stealth) [demonic ancestry]
   970 | D:2      | Reached XP level 3. HP: 24/26 MP: 6/6
  1084 | D:2      | Slain by a hobgoblin

Vault maps used:
D:1:      eino_arrival_water_star, doesnt_xom_only_xom
D:2:      kennysheep_vampire_church, lightli_temple_of_fire

Skill      XL: |  1  2  3 |
---------------+----------+-----
Unarmed Combat | 3 |  3.1
Transmutations | 2 |  2.0
Dodging        | 2 |  2.0
Fighting       | |  1.3
Slings         | |  0.6
Spellcasting   | |  2.5

Action                   || total
-------------------------++-------
Melee: Unarmed           ||    65
       Headbutt          ||     6
       Kick              ||     3
       Punch             ||     1
       Hunting sling     ||     5
 Fire: Hunting sling     ||    64
 Cast: Beastly Appendage ||    16
  Use: Scroll            ||     3
       Potion            ||     2
 Stab: Sleeping          ||     1
  Eat: Chunk             ||     1
Armor: Robe              ||    40
Dodge: Dodged            ||    97
